[Event "European Online Club-ch-E 2021"]
[Site "Online"]
[Date "2021.03.27"]
[Round "9.7"]
[White "Valner, Uku"]
[Black "Garrido Dominguez, Jesus"]
[Result "1-0"]
[ECO "B07"]
[WhiteElo "2296"]
[BlackElo "2413"]
[Annotator "NA"]
[PlyCount "65"]
[EventDate "2021.03.27"]
[EventType "team-tourn"]
[EventCountry "NET"]
[SourceTitle "playchess.com"]
[Source "ChessBase"]
[SourceQuality "1"]
[TimeControl "900+5"]

1. e4 d6 2. d4 Nf6 3. Bd3 e5 4. c3 Nbd7 5. f4 exd4 6. cxd4 d5 7. e5 Ne4 8. Nf3 c5 9. Bxe4 dxe4 10. Ng5 cxd4 11. Qxd4 Bc5 12. Qd5 O-O 13. Nc3 Bb6 14. Nxf7 Qe7 15. Nd6+ Kh8 16. Ncxe4 Qh4+ 17. g3 Qh5 18. Qd1 Qg6 19. Qe2 Nxe5 20. Nxc8 Raxc8 21. fxe5 Ba5+ 22. Bd2 Rc2 23. Rf1 Rd8 24. Rd1 h6 25. Qf3 Rd4 26. Nc3 Bxc3 27. bxc3 Re4+ 28. Kf2 Rxe5 29. Kg1 Rh5 30. Rf2 Rc5 31. Qf8+ Kh7 32. Qxc5 Qh5 33. Qxh5 1-0

[Event "European Online Club-ch-E 2021"]
[Site "Online"]
[Date "2021.03.27"]
[Round "9.8"]
[White "Yashas, D.."]
[Black "Nestor, Kaarel"]
[Result "1/2-1/2"]
[ECO "A05"]
[WhiteElo "2296"]
[BlackElo "2134"]
[Annotator "NA"]
[PlyCount "114"]
[EventDate "2021.03.27"]
[EventType "team-tourn"]
[EventCountry "NET"]
[SourceTitle "playchess.com"]
[Source "ChessBase"]
[SourceQuality "1"]
[TimeControl "900+5"]

1. b3 Nf6 2. Bb2 g6 3. Nf3 Bg7 4. g3 b6 5. Bg2 Bb7 6. O-O d6 7. d4 Nbd7 8. c4 O-O 9. d5 c6 10. dxc6 Bxc6 11. Nc3 Qc8 12. Nd4 Bxg2 13. Kxg2 Qb7+ 14. f3 Rfd8 15. e4 a6 16. Rc1 Rac8 17. Rc2 Ne5 18. Re1 h5 19. Nd5 e6 20. Nf4 g5 21. Nfxe6 fxe6 22. Nxe6 Rd7 23. Nxg5 Re8 24. h4 b5 25. cxb5 axb5 26. Rd2 Qc6 27. Qa1 Bh6 28. Rc1 Qb7 29. Bxe5 dxe5 30. Rcd1 Rxd2+ 31. Rxd2 Nh7 32. Rd5 Nxg5 33. hxg5 Bg7 34. Qd1 Rf8 35. Rd7 Qa6 36. a4 bxa4 37. bxa4 Qg6 38. Qd2 h4 39. gxh4 Qh5 40. Qf2 Rf4 41. Qg3 Rxh4 42. g6 Bf6 43. Rh7 Qg5 44. Qxg5 Bxg5 45. Rxh4 Bxh4 46. a5 Bd8 47. a6 Bb6 48. Kg3 Kg7 49. f4 exf4+ 50. Kxf4 Kxg6 51. Ke5 Kf7 52. Kd6 Ba7 53. Kd7 Kf6 54. Kd6 Kf7 55. e5 Ke8 56. Ke6 Bg1 57. Kd6 Ba7 1/2-1/2

[Event "European Online Club-ch-E 2021"]
[Site "Online"]
[Date "2021.03.27"]
[Round "9.9"]
[White "Dedebas, Emre Emin"]
[Black "Mikhalevski, Victor"]
[Result "0-1"]
[ECO "D02"]
[WhiteElo "2335"]
[BlackElo "2552"]
[Annotator "ChessBase"]
[PlyCount "32"]
[EventDate "2021.03.27"]
[EventType "team-tourn"]
[EventCountry "NET"]
[SourceTitle "playchess.com"]
[Source "ChessBase"]
[SourceQuality "1"]
[TimeControl "900+5"]

1. d4 Nf6 2. Bf4 d5 3. e3 Bg4 4. Nf3 e6 5. Nbd2 Bd6 6. h3 Bh5 7. Bxd6 cxd6 8. c4 O-O 9. Be2 Nc6 10. O-O Rc8 11. Rc1 dxc4 12. Nxc4 b5 13. Ncd2 Qb6 14. a3 a6 15. Ne1 Bxe2 16. Qxe2 Nxd4 0-1

[Event "European Online Club-ch-E 2021"]
[Site "Online"]
[Date "2021.03.27"]
[Round "9.10"]
[White "Roiz, Michael"]
[Black "Angun, Batu"]
[Result "0-1"]
[ECO "D00"]
[WhiteElo "2579"]
[BlackElo "2326"]
[Annotator "ChessBase"]
[PlyCount "70"]
[EventDate "2021.03.27"]
[EventType "team-tourn"]
[EventCountry "NET"]
[SourceTitle "playchess.com"]
[Source "ChessBase"]
[SourceQuality "1"]
[TimeControl "900+5"]

1. d4 Nf6 2. Nf3 g6 3. Nc3 d5 4. Bf4 Bg7 5. e3 O-O 6. Nb5 Na6 7. h3 c5 8. c3 Ne4 9. Be2 Bd7 10. a4 c4 11. O-O Bxb5 12. axb5 Nc7 13. Qa4 Ne6 14. Bh2 a6 15. bxa6 Rxa6 16. Qc2 Qa8 17. Rxa6 Qxa6 18. Nd2 Nxd2 19. Qxd2 Ra8 20. Re1 Qb5 21. b4 Ra3 22. Qb2 Qa4 23. Bf3 Qb3 24. Qxb3 cxb3 25. Bxd5 Ng5 26. Rb1 b2 27. Bc4 Rxc3 28. Bf1 Rc2 29. f3 Ne6 30. Bg3 Bh6 31. f4 Nc7 32. Bd3 Rc3 33. Bf1 Rxe3 34. Bh4 Rb3 35. Bxe7 Bxf4 0-1

[Event "European Online Club-ch-E 2021"]
[Site "Online"]
[Date "2021.03.27"]
[Round "9.11"]
[White "Ozenir, Ekin Baris"]
[Black "Postny, Evgeny"]
[Result "0-1"]
[ECO "D10"]
[WhiteElo "2309"]
[BlackElo "2605"]
[Annotator "ChessBase"]
[PlyCount "78"]
[EventDate "2021.03.27"]
[EventType "team-tourn"]
[EventCountry "NET"]
[SourceTitle "playchess.com"]
[Source "ChessBase"]
[SourceQuality "1"]
[TimeControl "900+5"]

1. d4 d5 2. c4 c6 3. cxd5 cxd5 4. Bf4 Nc6 5. e3 Nf6 6. Nc3 a6 7. Bd3 Bg4 8. Nge2 e6 9. Rc1 Be7 10. O-O O-O 11. Qd2 Bh5 12. Bg5 Bg6 13. Bxg6 hxg6 14. Bxf6 gxf6 15. e4 dxe4 16. Nxe4 f5 17. Nc5 Bg5 18. f4 Bf6 19. Rfd1 Qe7 20. Qe3 Rfd8 21. a3 Rac8 22. b4 b6 23. Nd3 Nxd4 24. Rxc8 Nxe2+ 25. Qxe2 Rxc8 26. Ne5 Rd8 27. h3 Rxd1+ 28. Qxd1 Qc7 29. Qf3 Bxe5 30. fxe5 Qc1+ 31. Kh2 Kg7 32. Qf2 Qxa3 33. Qh4 Qd3 34. Qf6+ Kg8 35. Qe7 Qd4 36. Qc7 Kg7 37. Kh1 Qxb4 38. Qd8 Qe1+ 39. Kh2 Qxe5+ 0-1

[Event "European Online Club-ch-E 2021"]
[Site "Online"]
[Date "2021.03.27"]
[Round "9.12"]
[White "Huzman, Alexander"]
[Black "Dolgun, Can"]
[Result "1-0"]
[ECO "A49"]
[WhiteElo "2561"]
[BlackElo "2133"]
[Annotator "ChessBase"]
[PlyCount "121"]
[EventDate "2021.03.27"]
[EventType "team-tourn"]
[EventCountry "NET"]
[SourceTitle "playchess.com"]
[Source "ChessBase"]
[SourceQuality "1"]
[TimeControl "900+5"]

1. Nf3 Nf6 2. g3 g6 3. Bg2 Bg7 4. O-O O-O 5. d4 d6 6. b3 Nc6 7. Bb2 e5 8. dxe5 Ng4 9. Qc1 Ngxe5 10. Nxe5 Nxe5 11. c4 Re8 12. Nc3 Rb8 13. Rd1 Bd7 14. Qd2 Bc6 15. Nd5 Bxd5 16. cxd5 Qf6 17. Rac1 Re7 18. Bd4 Qf5 19. Bxa7 Rbe8 20. Bd4 Ng4 21. e4 Qh5 22. h3 Ne5 23. Bxe5 Qxe5 24. Rc4 f5 25. Rdc1 fxe4 26. Rxe4 Qb2 27. Qxb2 Bxb2 28. Rxe7 Rxe7 29. Rc2 Bd4 30. Kf1 Kg7 31. Rc4 Bb6 32. Be4 Kf6 33. a4 h6 34. Ke2 c5 35. f4 Ba5 36. Kf3 g5 37. Rc1 gxf4 38. gxf4 Rg7 39. h4 Bd2 40. Rd1 Bc3 41. h5 b6 42. Bc2 Bd4 43. b4 Re7 44. Be4 Bc3 45. bxc5 bxc5 46. Rg1 Rg7 47. Rg6+ Rxg6 48. Bxg6 Bb4 49. Ke4 Ba5 50. Kd3 Ke7 51. Kc4 Kd7 52. f5 Ke7 53. Kb5 Bc7 54. a5 c4 55. a6 Bb8 56. Kxc4 Ba7 57. Kb5 Kd7 58. f6 Be3 59. f7 Ke7 60. Kc6 Bc5 61. Kb7 1-0

[Event "European Online Club-ch-E 2021"]
[Site "Online"]
[Date "2021.03.27"]
[Round "9.13"]
[White "Pavlidis, Antonios"]
[Black "Oparin, Grigoriy"]
[Result "1-0"]
[ECO "C47"]
[WhiteElo "2536"]
[BlackElo "2652"]
[Annotator "ChessBase"]
[PlyCount "75"]
[EventDate "2021.03.27"]
[EventType "team-tourn"]
[EventCountry "NET"]
[SourceTitle "playchess.com"]
[Source "ChessBase"]
[SourceQuality "1"]
[TimeControl "900+5"]

1. e4 e5 2. Nc3 Nc6 3. Nf3 Nf6 4. d4 exd4 5. Nxd4 Bb4 6. Nxc6 bxc6 7. Bd3 O-O 8. O-O d5 9. Bd2 Rb8 10. exd5 cxd5 11. h3 d4 12. Nb5 Bxd2 13. Qxd2 c5 14. Nxa7 Bb7 15. Qg5 Qb6 16. Nb5 h6 17. Qg3 Qc6 18. Nd6 Nh5 19. Qh2 Nf4 20. Nxb7 Nxd3 21. cxd3 Rxb7 22. b3 Ra8 23. Rfc1 Qb5 24. Qg3 Ra6 25. Rc2 Rg6 26. Qf3 Rf6 27. Qe4 Re6 28. Qf5 g6 29. Qxc5 Qxd3 30. Rc4 Rb8 31. Qxd4 Qe2 32. Qf4 Rbe8 33. Qxh6 Qb2 34. Rf1 Re1 35. Rxe1 Rxe1+ 36. Kh2 Qe5+ 37. Qf4 Qa1 38. Rc7 1-0

[Event "European Online Club-ch-E 2021"]
[Site "Online"]
[Date "2021.03.27"]
[Round "9.14"]
[White "Moussard, Jules"]
[Black "Kanakaris, Georgios"]
[Result "1-0"]
[ECO "B72"]
[WhiteElo "2635"]
[BlackElo "2400"]
[Annotator "ChessBase"]
[PlyCount "65"]
[EventDate "2021.03.27"]
[EventType "team-tourn"]
[EventCountry "NET"]
[SourceTitle "playchess.com"]
[Source "ChessBase"]
[SourceQuality "1"]
[TimeControl "900+5"]

1. e4 c5 2. Nf3 d6 3. d4 cxd4 4. Nxd4 Nf6 5. Nc3 a6 6. Bd3 g6 7. Be3 Bg7 8. f3 Nc6 9. Qd2 Bd7 10. O-O-O b5 11. Nxc6 Bxc6 12. Bh6 Bxh6 13. Qxh6 Qa5 14. Kb1 b4 15. Ne2 Qh5 16. Qxh5 Nxh5 17. Rc1 Bb7 18. c3 bxc3 19. Rxc3 Kd7 20. Rb3 Rab8 21. Rd1 f6 22. Rc1 Ng7 23. Ra3 Ra8 24. Nd4 Rhc8 25. Rxc8 Bxc8 26. Bb5+ Kc7 27. Rc3+ Kb6 28. Bc6 Rb8 29. Bd5 Bb7 30. Nc6 Rc8 31. Rb3+ Kc7 32. Nxe7 Bxd5 33. Rc3+ 1-0

[Event "European Online Club-ch-E 2021"]
[Site "Online"]
[Date "2021.03.27"]
[Round "9.15"]
[White "Stefanou, Dimitrios"]
[Black "Gozzoli, Yannick"]
[Result "1-0"]
[ECO "C46"]
[WhiteElo "2099"]
[BlackElo "2600"]
[Annotator "ChessBase"]
[PlyCount "77"]
[EventDate "2021.03.27"]
[EventType "team-tourn"]
[EventCountry "NET"]
[SourceTitle "playchess.com"]
[Source "ChessBase"]
[SourceQuality "1"]
[TimeControl "900+5"]

1. e4 e5 2. Nf3 Nc6 3. Nc3 g6 4. d4 exd4 5. Nxd4 Bg7 6. Nxc6 bxc6 7. Bd3 Ne7 8. O-O O-O 9. Bg5 h6 10. Bd2 d6 11. f4 f5 12. Qf3 Rb8 13. Rab1 d5 14. e5 c5 15. Na4 c4 16. Be2 c6 17. Be3 Qa5 18. b3 Rb5 19. Qf2 Re8 20. Nc5 Rb8 21. a4 cxb3 22. cxb3 Kh7 23. Bd4 Qc7 24. Rbc1 a5 25. Kh1 Ng8 26. Bd3 h5 27. Rc3 Rb4 28. Be2 Bf8 29. Nd3 Rb8 30. Rfc1 Bd7 31. Bc5 Nh6 32. Bxf8 Rxf8 33. e6 Be8 34. Ne5 Qe7 35. Nxc6 Bxc6 36. Rxc6 Qf6 37. Qa7+ Kg8 38. e7 Rfe8 39. Rxf6 1-0

[Event "European Online Club-ch-E 2021"]
[Site "Online"]
[Date "2021.03.27"]
[Round "9.16"]
[White "Cornette, Matthieu"]
[Black "Koutlas, Nikolaos"]
[Result "1/2-1/2"]
[ECO "B30"]
[WhiteElo "2555"]
[BlackElo "2078"]
[Annotator "ChessBase"]
[PlyCount "87"]
[EventDate "2021.03.27"]
[EventType "team-tourn"]
[EventCountry "NET"]
[SourceTitle "playchess.com"]
[Source "ChessBase"]
[SourceQuality "1"]
[TimeControl "900+5"]

1. e4 c5 2. Nc3 Nc6 3. Bb5 Nd4 4. Nf3 e6 5. O-O a6 6. Bd3 Nc6 7. b3 d5 8. exd5 exd5 9. Re1+ Be7 10. Na4 Be6 11. Bb2 d4 12. Be4 Rc8 13. Ba3 Qa5 14. c3 dxc3 15. dxc3 b5 16. Nxc5 Qxa3 17. Nxe6 fxe6 18. Bxc6+ Rxc6 19. Nd4 Rd6 20. Qf3 Nf6 21. Nxe6 Rxe6 22. Rxe6 O-O 23. Rae1 Bc5 24. b4 Ne4 25. Qxe4 Bxf2+ 26. Kh1 Bxe1 27. Re8 Qxa2 28. Qxe1 Qf7 29. Rxf8+ Kxf8 30. h3 Qf6 31. Qe3 g5 32. g4 h6 33. Kg2 Kf7 34. Kg3 Qd6+ 35. Kf3 Qd5+ 36. Kf2 Qe6 37. Qc5 Qf6+ 38. Ke2 Qe7+ 39. Qxe7+ Kxe7 40. Ke3 Kd7 41. Kd3 Ke7 42. Ke3 Kd7 43. Kd3 Ke7 44. Ke3 1/2-1/2

[Event "European Online Club-ch-E 2021"]
[Site "Online"]
[Date "2021.03.27"]
[Round "9.17"]
[White "Caglar, Sila"]
[Black "Guseinov, Gadir"]
[Result "1/2-1/2"]
[ECO "B36"]
[WhiteElo "2250"]
[BlackElo "2665"]
[Annotator "ChessBase"]
[PlyCount "71"]
[EventDate "2021.03.27"]
[EventType "team-tourn"]
[EventCountry "NET"]
[SourceTitle "playchess.com"]
[Source "ChessBase"]
[SourceQuality "1"]
[TimeControl "900+5"]

1. e4 c5 2. Nf3 g6 3. d4 cxd4 4. Nxd4 Nc6 5. c4 Nf6 6. Nc3 Nxd4 7. Qxd4 d6 8. Be3 Bg7 9. f3 O-O 10. Qd2 Be6 11. Be2 Rc8 12. Nd5 Nxd5 13. exd5 Bd7 14. O-O e6 15. dxe6 Bxe6 16. Rac1 d5 17. cxd5 Qxd5 18. Qxd5 Bxd5 19. b3 a6 20. Rxc8 Rxc8 21. Rc1 Rxc1+ 22. Bxc1 Bd4+ 23. Kf1 b5 24. Bd3 f5 25. Ke2 Kf7 26. Be3 Bf6 27. a4 b4 28. Bxa6 Bxb3 29. Bc5 Bxa4 30. Bxb4 Bb3 31. Kd3 Be5 32. h3 Kf6 33. Ke3 g5 34. g4 f4+ 35. Ke2 Bd5 36. Be1 1/2-1/2

[Event "European Online Club-ch-E 2021"]
[Site "Online"]
[Date "2021.03.27"]
[Round "9.18"]
[White "Abasov, Nijat"]
[Black "Kocyigit, Buse Naz"]
[Result "1-0"]
[ECO "B06"]
[WhiteElo "2664"]
[BlackElo "2143"]
[Annotator "ChessBase"]
[PlyCount "47"]
[EventDate "2021.03.27"]
[EventType "team-tourn"]
[EventCountry "NET"]
[SourceTitle "playchess.com"]
[Source "ChessBase"]
[SourceQuality "1"]
[TimeControl "900+5"]

1. e4 c5 2. c3 d5 3. exd5 Qxd5 4. Nf3 g6 5. Na3 Bg7 6. d4 cxd4 7. Bc4 Qe4+ 8. Be3 Nh6 9. Nb5 O-O 10. cxd4 Nc6 11. Nc3 Qf5 12. h3 Qa5 13. g4 Rd8 14. Qd2 Nxg4 15. hxg4 Bxg4 16. Ng5 Nxd4 17. Bxf7+ Kf8 18. Bxd4 Rxd4 19. Qe3 Rad8 20. Kf1 e5 21. Bb3 Qa6+ 22. Kg1 Rf4 23. Nd5 Qc6 24. Nxf4 1-0

[Event "European Online Club-ch-E 2021"]
[Site "Online"]
[Date "2021.03.27"]
[Round "9.19"]
[White "Ince, Safiye Oyku"]
[Black "Durarbayli, Vasif"]
[Result "0-1"]
[ECO "C25"]
[WhiteElo "1995"]
[BlackElo "2606"]
[Annotator "ChessBase"]
[PlyCount "76"]
[EventDate "2021.03.27"]
[EventType "team-tourn"]
[EventCountry "NET"]
[SourceTitle "playchess.com"]
[Source "ChessBase"]
[SourceQuality "1"]
[TimeControl "900+5"]

1. e4 e5 2. Nc3 Nc6 3. g3 g6 4. Bg2 Bg7 5. Nge2 d6 6. O-O Be6 7. Nd5 Qd7 8. c3 h5 9. f4 h4 10. f5 gxf5 11. exf5 Bxd5 12. Bxd5 hxg3 13. Nxg3 Nf6 14. Bg2 O-O-O 15. b4 Rh4 16. b5 Ne7 17. Qf3 Qxb5 18. a4 Qb6+ 19. d4 e4 20. Qe2 Rdh8 21. h3 Qc6 22. Bg5 Rxh3 23. Bxh3 Rxh3 24. Qg2 Rh8 25. Rac1 Rg8 26. Qh3 Rh8 27. Qg2 Rg8 28. Qh3 Bh8 29. Qh4 d5 30. Kg2 Kd7 31. Rh1 Bg7 32. Qf4 Qxa4 33. c4 dxc4 34. Qe5 Qa2+ 35. Kf1 Nc6 36. Qc5 Ng4 37. Qd5+ Kc8 38. Ne2 Nxd4 0-1

[Event "European Online Club-ch-E 2021"]
[Site "Online"]
[Date "2021.03.27"]
[Round "9.20"]
[White "Safarli, Eltaj"]
[Black "Anacoglu, Cisel"]
[Result "1-0"]
[ECO "C77"]
[WhiteElo "2598"]
[BlackElo "1924"]
[Annotator "ChessBase"]
[PlyCount "47"]
[EventDate "2021.03.27"]
[EventType "team-tourn"]
[EventCountry "NET"]
[SourceTitle "playchess.com"]
[Source "ChessBase"]
[SourceQuality "1"]
[TimeControl "900+5"]

1. e4 e5 2. Nf3 Nc6 3. Bb5 a6 4. Ba4 Nf6 5. Nc3 b5 6. Bb3 Be7 7. a4 Rb8 8. axb5 axb5 9. d3 d6 10. Nd5 Bg4 11. c3 O-O 12. h3 Be6 13. Ra6 Qd7 14. Rxc6 Bxd5 15. exd5 Ra8 16. O-O Qc8 17. Qe2 Nd7 18. d4 Nb8 19. dxe5 Nxc6 20. dxc6 dxe5 21. Nxe5 Bd6 22. Nd7 Re8 23. Qf3 Re7 24. Bg5 1-0